 Dungeon Crawl Stone Soup version 0.19-a0-49-gb8736b8 (webtiles) character file.

6 M4edhros the Grave Robber (level 1, 0/11 HPs)
             Began as an Octopode Necromancer on May 6, 2016.
             Slain by a jackal (1 damage)
             ... on level 2 of the Dungeon.
             The game lasted 00:00:59 (224 turns).

M4edhros the Grave Robber (Octopode Necromancer)     Turns: 224, Time: 00:01:01

Health: 0/11       AC:  2    Str:  6 (7)  XL:     1   Next: 90%
Magic:  0/3        EV: 12    Int: 17 (19) God:
Gold:   13         SH:  0    Dex: 11 (14) Spells: 1 memorised, 3 levels left

rFire  . . .     SeeInvis .     (no weapon)
rCold  . . .     Gourm    .     (no shield)
rNeg   . . .     Faith    .     (helmet restricted)
rPois  .         Spirit   .     (no amulet)
rElec  .         Dismiss  .     g - +1 ring of protection
rCorr  .         Reflect  .     (no ring)
SustAt .         Harm     .     (no ring)
MR     +....                    (no ring)
Stlth  +++.......               (no ring)
                                (no ring)
                                (no ring)
                                (no ring)

@: somewhat resistant to hostile enchantments, fairly stealthy
A: almost no armour, amphibious, 8 rings, constrict 8, camouflage 1, agile 1,
clever 1, magic resistance 1, gelatinous body 1
a: no special abilities


You were on level 2 of the Dungeon.
You were not hungry.

You visited 1 branch of the dungeon, and saw 3 of its levels.

You collected 13 gold pieces.

Inventory:

Jewellery
 g - a +1 ring of protection (left tentacle)
Scrolls
 d - 2 scrolls of enchant armour {unknown}
Potions
 f - a potion of cure mutation {unknown}
Books
 a - a book of Necromancy

   Spells                             Type                      Level
   a - Pain                           Necromancy                   1
   b - Animate Skeleton               Necromancy                   1
   c - Vampiric Draining              Necromancy                   3
   d - Regeneration                   Charms/Necromancy            3
   e - Animate Dead                   Necromancy                   4
   f - Control Undead                 Necromancy                   4
Comestibles
 b - a bread ration
 h - a beef jerky


   Skills:
 + Level 2.0 Dodging
 + Level 2.6 Stealth
 + Level 2.1 Spellcasting
 + Level 4.2 Necromancy


You had 3 spell levels left.
You knew the following spells:

 Your Spells              Type           Power        Failure   Level  Hunger
a - Pain                  Necr           ###.         3%          1    #......


Dungeon Overview and Level Annotations

Branches:
Dungeon (3/15)

Altars:


Innate Abilities, Weirdness & Mutations

You cannot wear most types of armour.
You are amphibious.
You can wear up to eight rings at the same time.
You can use your tentacles to constrict eight enemies at once.
Your skin changes colour to match your surroundings (Stealth).
Your rubbery body absorbs attacks (AC +1).
You are agile. (Dex +2)
Your mind is acute. (Int +2)
You are resistant to hostile enchantments.


Message History

The jackal barks!
The jackal convulses in agony!
A jackal comes into view.
Casting: Pain
Confirm with . or Enter, or press ? or * to list all spells.
You don't have enough magic to cast that spell.
Casting: Pain
Confirm with . or Enter, or press ? or * to list all spells.
You don't have enough magic to cast that spell.
Drink which item? (? for menu, Esc to quit)
It was a potion of degeneration.
There was something very wrong with that liquid.
You feel weakened.
You feel dopey.
You feel clumsy.
Drink which item? (? for menu, Esc to quit)
It was a potion of mutation.
You feel extremely strange.
You feel agile.
You feel resistant to hostile enchantments.
You feel clever. The jackal bites you.
You die...

.....#.#......#####(#..#
#..
......#...(....>....#<.#
###
.....###.##.†.#.###.#..#
# ....#
##.#......##.#.†# ##
...^
##....(.......#####. .##
#..#...###.........
#...#.####..######.
######..........# ##
#....h@...####.## #
#h#####.#.# #.# #.#.#
#.######## #.#.#
#........# #.# #
####...... #..
.......... ###
###.###.## .. #.#
#.###.#


You could see 2 jackals.

Vanquished Creatures
  A bat (D:2)
  A giant cockroach (D:3)
  A giant newt (D:1)
  2 kobolds (D:2)
  A rat (D:2)
6 creatures vanquished.

Notes
Turn   | Place    | Note
--------------------------------------------------------------
     0 | D:1      | M4edhros the Octopode Necromancer began the quest for the Orb.
     0 | D:1      | Reached XP level 1. HP: 11/11 MP: 3/3
   224 | D:2      | Gained mutation: You are agile. (Dex +2) [potion of mutation]
   224 | D:2      | Gained mutation: You are resistant to hostile enchantments. [potion of mutation]
   224 | D:2      | Gained mutation: Your mind is acute. (Int +2) [potion of mutation]
   224 | D:2      | Slain by a jackal

Vault maps used:
D:1:      dpeg_arrival_pits
D:2:      cheibriados_altar_1, hex_medium, uniq_sigmund
D:3:      nicolae_overflow_crystal_walls, first_bread, fountainhead

Action                   || total
-------------------------++-------
Melee: Unarmed           ||     6
       Constrict         ||     2
 Cast: Pain              ||    10
  Use: Potion            ||     2
Dodge: Dodged            ||     4
